 Dungeon Crawl Stone Soup version 0.31.0-9-g3a7656b989 (webtiles) character file.

Game seed: 5903089585392088876

7448 Kass the Covert (level 11, -2/60 HPs)
             Began as an Octopode Alchemist on Jan 30, 2024.
             Was a High Priest of Hepliaklqana.
             Slain by a spriggan
             ... wielding a +0 spear
              (18 damage)
             ... in a bailey.
             The game lasted 00:38:36 (9008 turns).

Kass the Covert (Octopode Alchemist)                Turns: 9008, Time: 00:38:37

Health: -2/60      AC:  1    Str:  8    XL:     11   Next: 15%
Magic:  17/19      EV: 20    Int: 24    God:    Hepliaklqana [*****.]
Gold:   437        SH:  5    Dex: 14    Spells: 11/21 levels left

rFire   . . .        v - +9 rapier "Diotetu" {freeze, *Corrode rPois Int+4}
rCold   . . .        k - +0 buckler
rNeg    . . .        A - +0 hat {SInv}
rPois   +            s - amulet of the acrobat
rElec   .            w - +5 ring of evasion
rCorr   .            y - ring of poison resistance
SInv    +            (no ring)
Will    .....        (no ring)
Stlth   +++++        (no ring)
HPRegen 0.30/turn    (no ring)
MPRegen 0.16/turn    (no ring)
                     (no ring)

%: corrode self (3%), acrobat
@: no status effects
A: reduced essence, almost no armour, amphibious, 8 rings, camouflage 1,
gelatinous body 1, (nimble swimmer 1), tentacles
a: Renounce Religion, Recall Ancestor, Ancestor Identity, Transference, Idealise


You were in a bailey.
You worshipped Hepliaklqana.
Hepliaklqana was extremely pleased with you.
You visited 1 branch of the dungeon, and saw 9 of its levels.
You also visited: Bailey.

You collected 437 gold pieces.

Inventory:

Hand Weapons
 p - a +2 dagger of venom
 v - the +9 rapier "Diotetu" (weapon) {freeze, *Corrode rPois Int+4}
   (You found it on level 6 of the Dungeon)

   Int+4:     It affects your intelligence (+4).
   rPois:     It protects you from poison *Corrode: It may corrode you when you
   take damage.
Missiles
 q - 6 darts of dispersal
Armour
 k - a +0 buckler (worn)
 A - a +0 hat of see invisible (worn)
Jewellery
 s - an amulet of the acrobat (around mantle)
 w - a +5 ring of evasion (left tentacle)
 y - a ring of poison resistance (right tentacle)
Wands
 C - a wand of flame (23)
Scrolls
 c - 4 scrolls of teleportation
 f - 2 scrolls of noise
 j - 2 scrolls of amnesia
 l - a scroll of brand weapon
 m - 2 scrolls of revelation
 r - a scroll of silence
 t - a scroll of fear {unknown}
 u - a scroll of vulnerability {unknown}
 x - 2 scrolls of enchant armour {unknown}
 B - 2 scrolls of poison {unknown}
Potions
 a - 3 potions of magic
 b - 3 potions of enlightenment {unknown}
 d - 5 potions of curing
 g - a potion of brilliance {unknown}
 h - 3 potions of lignification {unknown}
 n - a potion of heal wounds {unknown}
 o - 3 potions of mutation {unknown}
 z - a potion of resistance {unknown}


   Skills:
 + Level 3.4 Fighting
 + Level 3.9 Short Blades
 + Level 7.0 Dodging
 + Level 10.0 Stealth
 + Level 5.6 Shields
 - Level 5.5 Spellcasting
 + Level 6.6 Conjurations
 + Level 7.9 Alchemy
 + Level 3.1 Invocations


You had 11 spell levels left.
You knew the following spells:

 Your Spells              Type           Power      Damage    Failure   Level
a - Sting                 Conj/Alch      100%       1d9       1%          1
b - Mercury Vapours       Alch/Air       50%        N/A       3%          2
c - Olgreb's Toxic Radia  Alch           44%        N/A       4%          4
d - Mephitic Cloud        Conj/Alch/Air  30%        N/A       4%          3

Your spell library contained the following spells:

 Spells                   Type           Power      Damage    Failure   Level
 Slow                     Hex            24%        N/A       12%         1
 Iskenderun's Battlesphe  Conj           38%        2d9       22%         5
 Sticky Flame             Fire/Alch      25%        2d6       24%         4
 Brom's Barrelling Bould  Conj/Erth      22%        2d4       30%         4
 Flame Wave               Conj/Fire      22%        2d8       30%         4
 Inner Flame              Hex/Fire       6%         N/A       36%         3
 Fireball                 Conj/Fire      11%        3d7       65%         5
 Conjure Ball Lightning   Conj/Air       11%        3x3d6     99%         6
 Orb of Destruction       Conj           19%        9d8       100%        7


Dungeon Overview and Level Annotations

Branches:
Dungeon (9/15)             Temple (0/1) D:4          Bailey (1/1)
   Lair: D:8-11         Orc: D:9-12

Altars:
Ashenzari
Dithmenos
Fedhas
Hepliaklqana
Makhleb
Sif Muna
Uskayaw

Shops:
D:3 *:


Innate Abilities, Weirdness & Mutations

Your life essence is reduced to manifest your ancestor. (-10% HP)
You cannot wear most types of armour.
You are amphibious.
You can wear up to eight rings at the same time.
Your skin changes colour to match your surroundings (Stealth+).
Your rubbery body absorbs attacks. (AC +1, EV +1)
((You are camouflaged when in or above water. (Stealth+)))
You have tentacles for arms and can constrict up to eight enemies at once.


Message History

The ball of steam hits you!
You hear two shouts!
You hear a shout! x3
A steam dragon is nearby!
The steam dragon breathes steam at you. The ball of steam hits you!
A spriggan comes into view. It is wielding a +0 trident.
Casting: Sting (safe; 1% risk of failure)
Confirm with . or Enter, or press ? or * to list all spells.
Aiming: Sting (safe; 1% risk of failure)
Press: ? - help, Shift-Dir - straight line, f/p - steam dragon
Aim: a steam dragon (steam, moderately wounded, poisoned, catching its breath, ally target, 78% to hit)
The sting misses the steam dragon.
A spriggan comes into view. It is wielding a +0 spear.
Matia points at the steam dragon and mumbles some strange words.
The steam dragon resists with some effort.
You puncture the steam dragon! You freeze the steam dragon.
The steam dragon is severely wounded.
The steam dragon misses you. x2; Matia barely misses the steam dragon.
The spriggan misses you.
You completely miss the steam dragon.
The steam dragon is severely wounded.
The steam dragon looks more healthy.
Matia hits the steam dragon with a +0 dagger of draining.
Matia drains the steam dragon.
The steam dragon completely misses you. The steam dragon misses you.
The spriggan closely misses you.
Matia hits the steam dragon with a +0 dagger of draining.
The steam dragon dies!
The steam dragon scales are intact enough to wear.
The spriggan completely misses you.
Casting: Sting (safe; 1% risk of failure)
Confirm with . or Enter, or press ? or * to list all spells.
Aiming: Sting (safe; 1% risk of failure)
Press: ? - help, Shift-Dir - straight line, f - spriggan
Aim: a spriggan, wielding a +0 spear (55% to hit)
The sting hits the spriggan!
The spriggan is poisoned.
The spriggan is moderately wounded.
The spriggan hits you from afar with a +0 trident!
* * * LOW HITPOINT WARNING * * *
The spriggan hits you from afar with a +0 spear!!
You die...

♣..~~~. #.
#..~~~. #.i
#..~~~. #..
♣..~~~. #...
#..~~~. #...
#♣.)###. #.i♣
##).## #.
#i.♣# ##..##
##
#R@###♣##♣..##
#
##.........##
##.......##
#########


You could see the friendly Matia the hexer and 2 spriggans.

Vanquished Creatures
  Grinder (D:6)
  9 yaks
  A wyvern (D:9)
  A steam dragon (D:9)
  3 water moccasins
  A sky beast (D:8)
  A black bear (D:7)
  5 ogres
  3 centaurs
  A kobold brigand (D:7)
  Blork the orc (D:6)
  3 bullfrogs
  2 scorpions
  2 wights (D:8)
  Dowan (D:6)
  4 killer bees (D:9)
  2 hounds (D:5)
  A jelly (D:7)
  2 orc priests
  A sleepcap (D:5)
  Natasha (D:3)
  4 iguanas
  6 orc wizards
  5 gnolls
  4 adders
  2 dart slugs (D:1)
  14 orcs
  7 ball pythons
  4 endoplasms
  3 giant cockroaches
  6 goblins
  8 hobgoblins
  2 jackals (D:1)
  15 kobolds
  A quokka (D:3)
  8 bats
  2 frilled lizards
  6 rats
143 creatures vanquished.

Vanquished Creatures (collateral kills)
  The ghost of crabbadon the Changeling, a novice DrSh of Wu Jian (D:7)
  Sigmund (D:3)
  2 yaks (D:9)
  A steam dragon (Bailey)
  Menkaure (D:6)
  An acid dragon (D:9)
  2 water moccasins
  Duvessa (D:6)
  3 orc warriors (D:7)
  A black bear (D:3)
  An ogre (Bailey)
  A phantom (D:5)
  3 scorpions
  A wight (D:8)
  3 bombardier beetles
  3 orc priests
  2 hounds (D:5)
  A gnoll bouda (D:6)
  A jelly (D:6)
  Terence (D:3)
  4 iguanas
  7 orc wizards
  Natasha (twice) (D:3)
  7 gnolls
  4 adders
  A dart slug (D:3)
  17 orcs
  A ball python (D:2)
  An endoplasm (D:4)
  A kobold (D:4)
  A bat (D:3)
  5 goblins
  A rat (D:3)
83 creatures vanquished.

Vanquished Creatures (others)
  4 hexers
  An ancestor (D:1)
5 creatures vanquished.

Grand Total: 231 creatures vanquished

Notes
Turn   | Place    | Note
-------+----------+-------------------------------------------
     0 | D:1      | Kass the Octopode Alchemist began the quest for the Orb.
     0 | D:1      | Reached XP level 1. HP: 11/11 MP: 3/3
    89 | D:1      | Reached XP level 2. HP: 17/17 MP: 1/5
    95 | D:1      | Reached skill level 3 in Stealth
   211 | D:1      | Found a faded altar of an unknown god.
   220 | D:1      | Learned a level 2 spell: Mercury Vapours
   283 | D:1      | Prayed at the altar of an unknown god.
   283 | D:1      | Became a worshipper of Hepliaklqana the Forgotten
   283 | D:1      | Reached * piety under Hepliaklqana
   459 | D:1      | Reached XP level 3. HP: 13/18 MP: 2/6
   784 | D:1      | You fall into a shaft and drop 1 floor!
  1180 | D:2      | Reached XP level 4. HP: 22/24 MP: 7/7
  1951 | D:2      | Reached ** piety under Hepliaklqana
  1952 | D:2      | Remembered your ancestor Matia as a hexer
  2207 | D:3      | Found a blossoming altar of Fedhas.
  2207 | D:3      | Noticed a black bear
  2215 | D:3      | Killed a black bear
  2216 | D:3      | Reached skill level 4 in Stealth
  2216 | D:3      | Reached XP level 5. HP: 27/27 MP: 2/9
  2332 | D:3      | Noticed Natasha
  2339 | D:3      | Killed Natasha
  2395 | D:3      | Noticed Sigmund
  2522 | D:3      | Killed Sigmund
  2523 | D:3      | Reached skill level 5 in Stealth
  2523 | D:3      | Reached XP level 6. HP: 32/32 MP: 6/10
  2573 | D:3      | Found Siwiv's Book Shoppe.
  2661 | D:3      | Found Fitedeff's Magic Scroll Boutique.
  2662 | D:3      | Noticed Terence
  2670 | D:3      | Noticed Natasha
  2673 | D:3      | Killed Terence
  2677 | D:3      | Reached XP level 7. HP: 36/36 MP: 0/12
  2678 | D:3      | Killed Natasha
  2731 | D:3      | Noticed Natasha
  2785 | D:3      | Found Beuroasm's Assorted Antiques.
  2817 | D:3      | Killed Natasha
  2844 | D:3      | Found a burning altar of Makhleb.
  3403 | D:4      | Reached skill level 5 in Alchemy
  3499 | D:4      | Found a staircase to the Ecumenical Temple.
  3627 | D:4      | Reached *** piety under Hepliaklqana
  3783 | D:5      | Entered Level 5 of the Dungeon
  3805 | D:5      | Reached skill level 1 in Shields
  3948 | D:5      | Reached skill level 6 in Stealth
  3948 | D:5      | Reached XP level 8. HP: 34/41 MP: 10/13
  4103 | D:5      | Found a broken altar of Ashenzari.
  4780 | D:5      | Reached skill level 7 in Stealth
  4816 | D:6      | Reached **** piety under Hepliaklqana
  4824 | D:6      | Reached skill level 5 in Dodging
  4930 | D:6      | Reached XP level 9. HP: 45/45 MP: 14/16
  4941 | D:6      | Noticed Grinder
  4949 | D:6      | Killed Grinder
  5032 | D:6      | Reached skill level 5 in Spellcasting
  5196 | D:6      | Noticed Menkaure
  5208 | D:6      | Killed Menkaure
  5209 | D:6      | Reached skill level 5 in Conjurations
  5366 | D:6      | Identified the +9 rapier "Diotetu" {freeze, *Corrode rPois
                  | Int+4}
  5427 | D:6      | Reached skill level 8 in Stealth
  5597 | D:6      | Noticed Blork the orc
  5603 | D:6      | Killed Blork the orc
  5848 | D:6      | Noticed Duvessa
  5849 | D:6      | Noticed Dowan
  5857 | D:6      | Killed Duvessa
  5858 | D:6      | Reached skill level 1 in Short Blades
  5863 | D:6      | Killed Dowan
  6370 | D:7      | Found a runed translucent gate.
  6371 | D:7      | Found a runed translucent gate.
  6372 | D:7      | Found a runed translucent gate.
  6373 | D:7      | Noticed crabbadon's ghost (novice DrSh)
  6580 | D:7      | Reached XP level 10. HP: 44/51 MP: 15/18
  6625 | D:7      | Found a hide-covered altar of Uskayaw.
  6854 | D:7      | Reached skill level 1 in Fighting
  6877 | D:7      | Found a shadowy altar of Dithmenos.
  6882 | D:7      | Identified the +4 rapier "Kafrojov" {flame, Will- MP-9
                  | Str+8}
  6965 | D:7      | Found a shimmering blue altar of Sif Muna.
  6980 | D:7      | Got Sif Muna's Quarto of Bad Luck
  7636 | D:7      | Killed crabbadon's ghost
  7637 | D:7      | Reached skill level 9 in Stealth
  7637 | D:7      | Reached skill level 1 in Invocations
  7824 | D:8      | Reached ***** piety under Hepliaklqana
  8085 | D:8      | Reached skill level 5 in Shields
  8432 | D:8      | Learned a level 4 spell: Olgreb's Toxic Radiance
  8436 | D:8      | Learned a level 3 spell: Mephitic Cloud
  8771 | D:9      | Reached XP level 11. HP: 60/60 MP: 17/19
  8878 | D:9      | Found a flagged portal.
  8890 | Bailey   | Entered a bailey
  8904 | Bailey   | Reached skill level 10 in Stealth
  9008 | Bailey   | Slain by a spriggan

Illustrated notes

Levels and vault maps discovered:
D:1:      onia_arrival_handbag, layout_loops_ring,
          nicolae_ecumenical_snake_handling, serial_rivers,
          chequers_serial_rivers_small_b, chequers_serial_rivers_micro_b,
          chequers_serial_rivers_small_3, chequers_serial_rivers_micro_b
D:2:      layout_basic
D:3:      minmay_wonky_spiral, layout_rooms, lemuel_crystal_altar,
          lightli_temple_of_fire, serial_shops, shop, shop,
          nicolae_shop_dealshenge, uniq_terence, uniq_natasha, uniq_sigmund
D:4:      layout_basic, minmay_temple_entry_waves, hex_large
D:5:      layout_gridville, nicolae_ashenzari_panopticon
D:6:      layout_basic, uniq_menkaure, uniq_blork_the_orc, uniq_grinder,
          uniq_duvessa
D:7:      layout_loops_ring, nicolae_dithmenos_through_a_glass_darkly,
          led_sif_book, mainiacjoe_overflow_six_doors_small,
          biasface_ghost_orc_armoury
D:8:      layout_rooms
D:9:      layout_stronghold, enter_bailey_1
Bailey:   bailey_polearm_enchanted_keep_hellmonk, bailey

Skill      XL: |  1  2  3  4  5  6  7  8  9 10 11 |
---------------+----------------------------------+-----
Stealth        | 3 4 5 6 7 8 9 10 | 10.0
Conjurations   | 2 3 4 5 6 |  6.6
Dodging        | 3 4 5 6 7 |  7.0
Alchemy        | 4 5 6 7 |  7.9
Spellcasting   | 3 4 5 |  5.5
Shields        | 1 3 4 5 |  5.6
Short Blades   | 2 3 |  3.9
Fighting       | 3 |  3.4
Invocations    | 2 3 |  3.1

Action                     |  1- 3 |  4- 6 |  7- 9 | 10-12 || total
---------------------------+-------+-------+-------+-------++-------
  Melee: Unarmed           |    51 |    49 |    28 |       ||   128
         Constrict         |    14 |    17 |    29 |     8 ||    68
         Tentacles         |    12 |    16 |    26 |    18 ||    72
         Punch             |     2 |     1 |       |       ||     3
         Dagger            |       |       |    52 |       ||    52
         Rapier            |       |       |    33 |    78 ||   111
   Cast: Sting             |    32 |    18 |    71 |    34 ||   155
         Mercury Vapours   |     3 |    10 |    28 |    22 ||    63
         Olgreb's Toxic Ra |       |       |       |     1 ||     1
 Invoke: Ancestor Life: He |       |     1 |       |       ||     1
         Ancestor Identity |       |     1 |       |       ||     1
         Recall Ancestor   |       |       |       |     1 ||     1
    Use: Scroll            |       |       |       |     8 ||     8
   Stab: Sleeping          |     2 |     9 |     5 |     8 ||    24
         Confused          |       |     2 |     7 |     3 ||    12
         Distracted        |       |     1 |     1 |     2 ||     4
 Armour: Skin              |    19 |    22 |    41 |    29 ||   111
  Dodge: Dodged            |    44 |    17 |    76 |    72 ||   209
  Block: Buckler           |       |       |    12 |    22 ||    34
